[Event "Early-Titled-Tuesday-Blitz-April-02-2024"]
[Site "Chess.com"]
[Date "2024.04.02"]
[Round "2"]
[White "chess123456s"]
[Black "Yaacovn"]
[Result "0-1"]
[WhiteElo "2593"]
[BlackElo "2852"]
[TimeControl "180+1"]
[EndTime "8:20:15 PDT"]
[Termination "Yaacovn won by resignation"]

1. d4 Nf6 2. Nc3 d5 3. Bf4 c6 4.
e3 Qb6 5. Rb1 Bf5 6. Bd3 Bg6 7.
Nf3 Nbd7 8. O-O e6 9. Qe2 Be7 10. e4 O-O 11. e5 Ne8 12. Bxg6 fxg6 13. Be3 a6 14. h4 c5 15. Na4 Qb5 16. Qxb5 axb5 17.
Nxc5 Bxc5 18. dxc5 Rxa2 19. Nd4 Nc7 20. f4 Nxc5 21.
Nxb5 Nxb5 22. Bxc5 Rc8 23. b4 Nc3 24. Ra1 Rca8 25.
Rxa2 Rxa2 26. Rf2 Ne4 27. Re2 h5 28. Kh2 Kh7 29. Be7 b5 30. Bd6 Kg8 31. Be7 Kf7 32.
Bd6 Ke8 33. Bc5 Ra4 34. Re3 Ra2 35. c3 Kf7 36. Bd4 Nd2 37. Kh3 Ra1 38. g3 Ne4 39.
Re2 Ra6 40. Rc2 Ke8 41. Kg2 Kd7 42. Kf3 Ra4 43. g4 Ke8 44. gxh5 gxh5 45. Rg2 Kf7 46.
f5 exf5 47. e6+ Kxe6 48. Rxg7 Ra1 49. Rg6+ Kf7 50. Rg7+ Ke6 51. Rg6+ Ke7 52. Rb6 Rf1+ 53. Kg2 Rf4 54. Rxb5 Rxh4 55. Rxd5 Rg4+ 56. Kf3 Ng5+ 57. Kf2 f4 58. b5 f3 59. b6 Rg2+ 60. Kf1 Nh3 61. b7 Rb2 62. Re5+ Kd7 63. Re3 Rb1+ 64. Re1 Rxb7 65. Re3 Rb1+ 66. Re1 Rb8 67. Re3 Rf8 68. c4 Kc6 69. Re6+ Kd7 70. Rh6 Ra8 71. Rh7+ Ke6 72. Ra7 Rd8 73. Bc3 Rd3 74. Be1 Rd1 75.
Ra6+ Kd7 76. Ra7+ Kd6 77. Ra6+ Kc5 78. Rf6 f2 79. Rxf2 Nxf2 80. Kxf2 Kxc4 81. Ba5 Rd5 82.
Bc7 Kd4 83. Kg3 Ke4 84. Kh2 Rf5 85. Bb6 Kf3 86. Bd4 Kg4 87. Bb6 Rd5 88. Ba7 Rd2+ 89. Kh1 Ra2 90. Bb8 Kh3 91. Be5 Re2 92. Bd4 Rh2+ 93.
Kg1 Rd2 94. Bc5 Rd1+ 95. Kf2 Kh2 96. Bd6+ Kh1 97. Kg3 Rxd6 0-1

[Event "Early-Titled-Tuesday-Blitz-April-02-2024"]
[Site "Chess.com"]
[Date "2024.04.02"]
[Round "2"]
[White "akanga001"]
[Black "AlexandraSamaganova"]
[Result "0-1"]
[WhiteElo "2101"]
[BlackElo "2433"]
[TimeControl "180+1"]
[EndTime "8:20:22 PDT"]
[Termination "AlexandraSamaganova won by checkmate"]

1. d4 Nf6 2. c4 e6 3. Nc3 Bb4 4. e3 b6 5. a3 Bxc3+ 6. bxc3 Bb7 7. f3 O-O 8. e4 d6 9. Bd3 Nbd7 10. Ne2 e5 11. O-O Re8 12. Ng3 Nf8 13. Ra2 Ng6 14. Re2 Nf4 15. Bxf4 exf4 16. Nh1 h6 17. Nf2 c6 18.
Rfe1 Qd7 19. e5 Nh7 20. exd6 Rxe2 21. Qxe2 Qxd6 22. Ne4 Qxa3 23. c5 Re8 24. Qd2 Bc8 25. Nd6 Rd8 26. Qxf4 Nf6 27. Re7 Qxc3 28. Bf5 Bxf5 29.
Qxf5 Qxd4+ 30. Kf1 Qxc5 31. Qxc5 bxc5 32. Nxf7 Ra8 33.
Ne5 a5 34. Nxc6 a4 35. Re2 Nd5 36. Ra2 Nb4 37. Ne7+ Kf7 38. Ra3 Kxe7 39. Ke2 Nc2 40. Ra2 Nd4+ 41. Kd3 Kd6 42. Kc4 Kc6 43. Ra3 Rb8 44.
Rxa4 Rb6 45. Ra8 Rb4+ 46. Kc3 Rb7 47. Rc8+ Rc7 48. Ra8 Nb5+ 49. Kc2 Nd6 50. Ra6+ Kd5 51. Ra8 Nf5 52. Rd8+ Kc4 53. g4 Nd4+ 54. Kc1 Nxf3 55. Rf8 Nd4 56. h4 Ra7 57. Kb1 Rb7+ 58. Kc1 Re7 59.
Kd1 Re4 60. g5 hxg5 61. hxg5 Rg4 62. Rf7 Rxg5 63. Kd2 Rg2+ 64. Kd1 Rg3 65. Ra7 g5 66. Ra4+ Kd5 67. Ra8 g4 68. Rd8+ Kc4 69. Ra8 Rg1+ 70. Kd2 Rg2+ 71. Kd1 Nf3 72. Ra4+ Kd3 73. Ra3+ Kd4 74.
Ra4+ c4 75. Kc1 Kc3 76. Ra3+ Kd4 77. Ra8 Kc3 78. Ra3+ Kb4 79. Re3 Rg1+ 80. Kc2 Nd4+ 81. Kd2 Nb3+ 82. Kc2 Rg2+ 83. Kd1 g3 84. Re4 Rg1+ 85. Kc2 Rc1+ 86. Kb2 Rc3 87. Rg4 Rf3 88. Kb1 Rf1+ 89. Kb2 Rf2+ 90. Kb1 g2 91. Rg8 Rf1+ 92. Kb2 c3+ 93. Ka2 Rf2+ 94. Kb1 c2+ 95. Kb2 c1=Q# 0-1

[Event "Early-Titled-Tuesday-Blitz-April-02-2024"]
[Site "Chess.com"]
[Date "2024.04.02"]
[Round "3"]
[White "manitodeplomo"]
[Black "GiorgianBarbosa"]
[Result "1-0"]
[WhiteElo "2652"]
[BlackElo "2476"]
[TimeControl "180+1"]
[EndTime "8:22:13 PDT"]
[Termination "manitodeplomo won by resignation"]

1. d4 Nf6 2. c4 e6 3. Nf3 d5 4. Nc3 Be7 5. Bg5 O-O 6. Qc2 a6 7. e3 dxc4 8. Bxc4 b5 9. Bd3 Bb7 10. Bxf6 Nd7 11. Bxh7+ Kh8 12. Bxe7 Qxe7 13. Be4 Bxe4 14.
Qxe4 Nf6 15. Qh4+ Kg8 16. O-O g5 17. Qxg5+ 1-0

[Event "Early-Titled-Tuesday-Blitz-April-02-2024"]
[Site "Chess.com"]
[Date "2024.04.02"]
[Round "3"]
[White "Sofia_Blokhin"]
[Black "Kostya0705"]
[Result "1-0"]
[WhiteElo "2258"]
[BlackElo "2553"]
[TimeControl "180+1"]
[EndTime "8:22:30 PDT"]
[Termination "Sofia_Blokhin won by resignation"]

1. d4 Nf6 2. c4 e6 3. Nc3 Bb4 4. e3 O-O 5. Bd3 d5 6. Nf3 b6 7. O-O Bb7 8. cxd5 exd5 9. Ne5 Nbd7 10. f4 Bd6 11. Qf3 c5 12. Qh3 Qe7 13. Nxd7 Qxd7 14.
Bxh7+ Kh8 15. Bf5+ 1-0

[Event "Early-Titled-Tuesday-Blitz-April-02-2024"]
[Site "Chess.com"]
[Date "2024.04.02"]
[Round "3"]
[White "secrethawk1"]
[Black "B_nn_t"]
[Result "1-0"]
[WhiteElo "2415"]
[BlackElo "2217"]
[TimeControl "180+1"]
[EndTime "8:22:41 PDT"]
[Termination "secrethawk1 won by resignation"]

1. d4 Nf6 2. Bf4 d5 3. e3 c5 4. c3 Nc6 5. Nf3 Qb6 6. Qc2 Bf5 7. dxc5 Bxc2 8. cxb6 axb6 9. Na3 Rxa3 10. bxa3 e6 11.
Bb5 Bxa3 12. Nd4 Bg6 13. Rd1 Kd7 14. O-O e5 15. Bxe5 1-0

[Event "Early-Titled-Tuesday-Blitz-April-02-2024"]
[Site "Chess.com"]
[Date "2024.04.02"]
[Round "3"]
[White "Blackwhite017"]
[Black "atalz0"]
[Result "0-1"]
[WhiteElo "2078"]
[BlackElo "2369"]
[TimeControl "180+1"]
[EndTime "8:22:56 PDT"]
[Termination "atalz0 won by resignation"]

1. e4 d5 2. exd5 Nf6 3. Bb5+ Bd7 4. Be2 Nxd5 5. Nf3 Nf4 6. Bc4 Nxg2+ 7. Kf1 Nf4 8. Ne5 Bh3+ 9. Kg1 e6 10. Qf3 Qg5+ 11. Qg3 Qxe5 0-1

[Event "Early-Titled-Tuesday-Blitz-April-02-2024"]
[Site "Chess.com"]
[Date "2024.04.02"]
[Round "3"]
[White "Martial2008"]
[Black "Iball95"]
[Result "0-1"]
[WhiteElo "2640"]
[BlackElo "2939"]
[TimeControl "180+1"]
[EndTime "8:23:27 PDT"]
[Termination "Iball95 won by resignation"]

1. d4 d5 2. Nf3 Nf6 3. Bf4 Bf5 4. c4 e6 5. Qb3 Nc6 6. e3 Bb4+ 7. Nc3 O-O 8. Ne5 Bxc3+ 9. Qxc3 Nxe5 10. Bxe5 Ne4 11.
Qb3 c5 12. cxd5 Qa5+ 0-1

[Event "Early-Titled-Tuesday-Blitz-April-02-2024"]
[Site "Chess.com"]
[Date "2024.04.02"]
[Round "3"]
[White "zverr1"]
[Black "elcala"]
[Result "1-0"]
[WhiteElo "2552"]
[BlackElo "1836"]
[TimeControl "180+1"]
[EndTime "8:23:28 PDT"]
[Termination "zverr1 won by resignation"]

1. e4 d5 2. exd5 Qxd5 3. Nc3 Qd6 4. d4 Nf6 5. Nf3 Bg4 6. g3 a6 7. Bg2 Nc6 8. Bf4 Qd7 9. h3 Bh5 10. g4 Bg6 11. d5 Nb4 12. Ne5 Qd6 13. Nxg6 1-0

[Event "Early-Titled-Tuesday-Blitz-April-02-2024"]
[Site "Chess.com"]
[Date "2024.04.02"]
[Round "3"]
[White "FREDERICKtheMATE"]
[Black "Kratos031"]
[Result "1-0"]
[WhiteElo "2683"]
[BlackElo "2502"]
[TimeControl "180+1"]
[EndTime "8:23:51 PDT"]
[Termination "FREDERICKtheMATE won by resignation"]

1. Nf3 Nf6 2. d4 d5 3. c4 c6 4.
Nc3 dxc4 5. e4 b5 6. Be2 b4 7. Na4 Nxe4 8. Bxc4 e6 9. O-O Be7 10. Re1 Nd6 11. Bd3 a5 12. Ne5 O-O 13. Nc5 Qc7 14. Bf4 Na6 15. Rc1 Rd8 16. Nxf7 Kxf7 17. Qh5+ Kf8 18. Bxa6 Nf7 19. Bxc7 1-0

[Event "Early-Titled-Tuesday-Blitz-April-02-2024"]
[Site "Chess.com"]
[Date "2024.04.02"]
[Round "3"]
[White "Mazarini41"]
[Black "rhwr"]
[Result "0-1"]
[WhiteElo "2472"]
[BlackElo "2263"]
[TimeControl "180+1"]
[EndTime "8:23:53 PDT"]
[Termination "rhwr won by resignation"]

1. e4 c5 2. Nf3 d6 3. d4 cxd4 4. Nxd4 Nf6 5. Nc3 a6 6. f3 e5 7. Nb3 Be6 8. Be3 Be7 9. Qd2 O-O 10. O-O-O b5 11. g4 Nbd7 12. h4 b4 13. Nd5 Bxd5 14. exd5 a5 15. h5 Ne8 16. g5 f5 17.
gxf6 Ndxf6 18. h6 g6 19. f4 exf4 20. Bxf4 Ne4 21. Qh2 Rxf4 22. Qxf4 Bg5 23. Qxg5 Qxg5+ 24. Kb1 Nf2 25. Bb5 Nxh1 26. Rxh1 Qxd5 27. Re1 Qxb5 0-1

[Event "Early-Titled-Tuesday-Blitz-April-02-2024"]
[Site "Chess.com"]
[Date "2024.04.02"]
[Round "3"]
[White "Zavgorodniy_Sergiy"]
[Black "Licancabur"]
[Result "0-1"]
[WhiteElo "2641"]
[BlackElo "2499"]
[TimeControl "180+1"]
[EndTime "8:24:11 PDT"]
[Termination "Licancabur won by checkmate"]

1. d4 d5 2. c4 dxc4 3. Nf3 Nf6 4. e3 Bg4 5. Bxc4 e6 6. O-O Bd6 7. Be2 a6 8. Nbd2 Nc6 9. h3 Bh5 10. b3 O-O 11. Bb2 Nd5 12. Nc4 f5 13. a3 Qe8 14.
Rc1 Rd8 15. b4 h6 16. Nfd2 Bxe2 17. Qxe2 f4 18. Nxd6 cxd6 19. e4 f3 20. Nxf3 Nf4 21. Qe3 Qg6 22. Nd2 Qxg2# 0-1

[Event "Early-Titled-Tuesday-Blitz-April-02-2024"]
[Site "Chess.com"]
[Date "2024.04.02"]
[Round "3"]
[White "Rutricks"]
[Black "dropstoneDP"]
[Result "1/2-1/2"]
[WhiteElo "2704"]
[BlackElo "3003"]
[TimeControl "180+1"]
[EndTime "8:24:16 PDT"]
[Termination "Game drawn by agreement"]

1. Nc3 Nf6 2. Nf3 d5 3. g3 d4 4. Nb5 c5 5. c3 a6 6. Na3 Nc6 7. Bg2 e5 8. O-O Bd6 9. d3 h6 10. e3 O-O 11. exd4 exd4 12. cxd4 cxd4 13. Nc2 Bg4 14. h3 Bh5 15. g4 Bg6 16. Nfxd4 Nxd4 17.
Nxd4 Bc7 18. Be3 Qd6 19. Nf3 Bxd3 20. Bc5 Qxc5 21. Qxd3 Rad8 22. Qb3 Qb6 23. Qxb6 Bxb6 24. Ne5 Bd4 25. Nf3 Ba7 26. Rfe1 Rfe8 27. Rxe8+ Rxe8 28. Re1 Ne4 29. Nd4 Bxd4 30. Rxe4 Rxe4 31. Bxe4 Bxb2 32.
Bxb7 a5 33. a4 1/2-1/2

[Event "Early-Titled-Tuesday-Blitz-April-02-2024"]
[Site "Chess.com"]
[Date "2024.04.02"]
[Round "3"]
[White "nikitakhoroshev"]
[Black "tk22h"]
[Result "1-0"]
[WhiteElo "2592"]
[BlackElo "2407"]
[TimeControl "180+1"]
[EndTime "8:24:24 PDT"]
[Termination "nikitakhoroshev won by resignation"]

1. e4 e5 2. Nf3 Nc6 3. Bc4 Nf6 4. Ng5 d5 5. exd5 Na5 6. Bb5+ Bd7 7. Qe2 Be7 8. Nc3 O-O 9. Bxd7 Qxd7 10. O-O Nxd5 11.
Qxe5 Nxc3 12. Qxc3 Nc6 13. Nf3 Bf6 14. Qc4 Rfe8 15.
c3 Rad8 16. d4 Qg4 17. h3 Qh5 18. Bf4 Rd7 19. Rfe1 Red8 20. Re3 h6 21. Rae1 Qf5 22. Re8+ Rxe8 23. Rxe8+ Kh7 24. Bg3 Qb1+ 25. Kh2 Qxb2 26. d5 Ne7 27. Qe4+ Ng6 28. h4 h5 29. Qf5 1-0

[Event "Early-Titled-Tuesday-Blitz-April-02-2024"]
[Site "Chess.com"]
[Date "2024.04.02"]
[Round "3"]
[White "biostatistician"]
[Black "eagleclaw07"]
[Result "0-1"]
[WhiteElo "2537"]
[BlackElo "2849"]
[TimeControl "180+1"]
[EndTime "8:24:32 PDT"]
[Termination "eagleclaw07 won by resignation"]

1. d4 f5 2. Nf3 Nf6 3. g3 g6 4. Bg2 Bg7 5. O-O O-O 6. b4 d6 7. Bb2 c6 8. c4 a5 9. a3 axb4 10. axb4 Rxa1 11. Bxa1 Na6 12. Qb3 Kh8 13. d5 cxd5 14.
cxd5 Qb6 15. Bc3 Bd7 16. Nbd2 Rc8 17. Rb1 h6 18. Nd4 Nxd5 19. Nc4 Rxc4 20. Qxc4 Nxc3 21.
Qxc3 Bxd4 0-1

[Event "Early-Titled-Tuesday-Blitz-April-02-2024"]
[Site "Chess.com"]
[Date "2024.04.02"]
[Round "3"]
[White "Sl4werThanYou"]
[Black "LiamPutnam2008"]
[Result "0-1"]
[WhiteElo "2716"]
[BlackElo "2933"]
[TimeControl "180+1"]
[EndTime "8:24:34 PDT"]
[Termination "LiamPutnam2008 won by resignation"]

1. e4 c6 2. d4 d5 3. e5 Bf5 4. h4 h5 5. Bd3 Bxd3 6. Qxd3 e6 7. Nf3 Qa5+ 8. c3 Qa6 9. Qxa6 Nxa6 10. Nbd2 Nh6 11. b4 Nc7 12. Rb1 Nf5 13. g3 Be7 14. a3 Kd7 15. Nf1 a5 16. Ne3 Nxe3 17. fxe3 Nb5 18.
Bb2 axb4 19. axb4 Ra2 20. O-O Rha8 21. Rf2 f6 22. exf6 gxf6 23. Kg2 Bd6 24. Rg1 Rg8 25.
Ra1 Rxg3+ 26. Kh1 Rxb2 0-1

[Event "Early-Titled-Tuesday-Blitz-April-02-2024"]
[Site "Chess.com"]
[Date "2024.04.02"]
[Round "3"]
[White "Lennis93"]
[Black "KINGOF2SOAP"]
[Result "1-0"]
[WhiteElo "2739"]
[BlackElo "2515"]
[TimeControl "180+1"]
[EndTime "8:24:40 PDT"]
[Termination "Lennis93 won by resignation"]

1. d4 d6 2. Nf3 g6 3. c4 Bg7 4. Nc3 Nf6 5. e4 O-O 6. Be2 e5 7. Be3 exd4 8. Nxd4 c6 9. O-O Bd7 10. Nb3 Re8 11. Bf3 d5 12. exd5 cxd5 13. cxd5 Na6 14.
d6 Rc8 15. Bxb7 Rc6 16. Bxc6 Bxc6 17. Bxa7 Qa8 18. Bd4 Bxg2 19. Re1 Bh1 20. Rxe8+ Nxe8 21. Qg4 Bxd4 22. Nxd4 Nf6 23. Qh3 Nh5 24. Re1 Kf8 25. d7 Nc7 26. f3 Nf4 27. Qh6+ Kg8 28. Qxf4 1-0

[Event "Early-Titled-Tuesday-Blitz-April-02-2024"]
[Site "Chess.com"]
[Date "2024.04.02"]
[Round "3"]
[White "ProphetReborn"]
[Black "Andrey_Klymchuk"]
[Result "0-1"]
[WhiteElo "2908"]
[BlackElo "2726"]
[TimeControl "180+1"]
[EndTime "8:24:48 PDT"]
[Termination "Andrey_Klymchuk won by resignation"]

1. d4 Nf6 2. c4 c5 3. d5 b5 4.
cxb5 a6 5. bxa6 g6 6. Nc3 Bg7 7. e4 O-O 8. Nf3 Qa5 9. Bd2 Bxa6 10. Bxa6 Qxa6 11. Qe2 d6 12. Qxa6 Nxa6 13. O-O Rfb8 14. Rab1 Nb4 15. a4 Ne8 16. b3 Nc7 17. Rfc1 Rb7 18.
Kf1 Rab8 19. Ke2 f5 20. exf5 gxf5 21. Nh4 Ncxd5 22. Nxf5 Bxc3 23. Bxc3 Na2 24. Ba1 Rxb3 25. Rd1 Nf4+ 0-1

[Event "Early-Titled-Tuesday-Blitz-April-02-2024"]
[Site "Chess.com"]
[Date "2024.04.02"]
[Round "3"]
[White "Sanyura"]
[Black "LileKoridze"]
[Result "1-0"]
[WhiteElo "2624"]
[BlackElo "2429"]
[TimeControl "180+1"]
[EndTime "8:24:53 PDT"]
[Termination "Sanyura won by resignation"]

1. e4 c5 2. Nf3 d6 3. d4 cxd4 4.
Nxd4 Nf6 5. Nc3 a6 6. g3 e5 7. Nb3 Be7 8. Bg2 O-O 9. O-O b5 10. a4 b4 11. Nd5 a5 12. Nxf6+ Bxf6 13. Bd2 Bb7 14. c3 Nc6 15. cxb4 Nxb4 16. Bxb4 axb4 17. Qd2 Qb6 18. Rfd1 Rfd8 19. a5 Qb5 20. Bf1 Qd7 21.
Qxb4 Rab8 22. Qc4 d5 23. Nc5 Qc6 24. exd5 Rxd5 25. Rxd5 Qxd5 26. Qxd5 Bxd5 27. Nd7 Rxb2 28. a6 Be7 29. a7 Ba8 30. Bg2 1-0

[Event "Early-Titled-Tuesday-Blitz-April-02-2024"]
[Site "Chess.com"]
[Date "2024.04.02"]
[Round "3"]
[White "aljado"]
[Black "MNyuyu"]
[Result "0-1"]
[WhiteElo "2135"]
[BlackElo "2378"]
[TimeControl "180+1"]
[EndTime "8:24:56 PDT"]
[Termination "MNyuyu won by resignation"]

1. e4 d5 2. d4 dxe4 3. Nc3 Nf6 4. Bg5 Bf5 5. f3 e6 6. fxe4 Bg6 7. Nf3 Be7 8. Qe2 c6 9. O-O-O O-O 10. h4 Nbd7 11.
g3 Qa5 12. Bg2 Bb4 13. e5 Nh5 14. Qe1 Bxc3 15. Qxc3 Qxc3 16. bxc3 Nxg3 17. Rh3 Ne4 18. Be3 Nxc3 19. Rg1 Ne2+ 0-1

[Event "Early-Titled-Tuesday-Blitz-April-02-2024"]
[Site "Chess.com"]
[Date "2024.04.02"]
[Round "3"]
[White "RamonManon0g"]
[Black "Chernov_Alexander_A"]
[Result "1-0"]
[WhiteElo "2406"]
[BlackElo "2201"]
[TimeControl "180+1"]
[EndTime "8:24:58 PDT"]
[Termination "RamonManon0g won by resignation"]

1. e4 d6 2. d4 Nf6 3. Nc3 Nbd7 4. Nf3 e5 5. dxe5 dxe5 6. Bc4 Be7 7. O-O O-O 8. Nd5 Nxd5 9. exd5 Bd6 10. Re1 f6 11. Nh4 Qe8 12. c3 Nb6 13. Bb3 a5 14. c4 a4 15. Bc2 Bc5 16. Qd3 g6 17. Bh6 Rf7 18. Nxg6 hxg6 19. Qxg6+ Kh8 20. Bg7+ Rxg7 21. Qxe8+ Rg8 22.
Qh5+ Kg7 23. Qg6+ 1-0

[Event "Early-Titled-Tuesday-Blitz-April-02-2024"]
[Site "Chess.com"]
[Date "2024.04.02"]
[Round "3"]
[White "chess_sharparchitect"]
[Black "savitha1030"]
[Result "0-1"]
[WhiteElo "2270"]
[BlackElo "2500"]
[TimeControl "180+1"]
[EndTime "8:25:08 PDT"]
[Termination "savitha1030 won by resignation"]

1. c4 c5 2. Nf3 Nc6 3. Nc3 Nf6 4. e3 g6 5. d4 cxd4 6. exd4 d5 7. cxd5 Nxd5 8. Bb5 Bg7 9. O-O O-O 10. Bxc6 bxc6 11. h3 Ba6 12. Re1 Rb8 13. Qa4 Bb5 14. Qxa7 Nb4 15. Nxb5 Rxb5 16. Rxe7 Nc2 17. Rb1 Nxd4 18.
Rd7 Nxf3+ 19. gxf3 Qh4 20. Kg2 Rh5 21. Kf1 Qxh3+ 22. Ke2 Qf5 23. Ra1 Qb5+ 24. Kd1 Rh1+ 25. Kc2 Qc4+ 0-1

[Event "Early-Titled-Tuesday-Blitz-April-02-2024"]
[Site "Chess.com"]
[Date "2024.04.02"]
[Round "3"]
[White "Josgar05"]
[Black "shirovin"]
[Result "0-1"]
[WhiteElo "2341"]
[BlackElo "2052"]
[TimeControl "180+1"]
[EndTime "8:25:09 PDT"]
[Termination "shirovin won by resignation"]

1. Nf3 Nf6 2. b3 g6 3. Bb2 Bg7 4. g3 c5 5. Bg2 O-O 6. c4 Nc6 7. O-O d5 8. cxd5 Nxd5 9. Bxg7 Kxg7 10. Qc2 Qd6 11. a3 Nd4 12. Nxd4 cxd4 13. e3 Nf6 14. e4 e5 15. d3 Be6 16. Nd2 Rac8 17. Qb2 Rc3 18. Nc4 Qc7 19. Rfc1 b5 20. Nd2 Rc8 21.
Re1 Rc2 22. Qb1 Rxd2 23. Rc1 Rc2 24. Rxc2 Qxc2 25. Qe1 Qxb3 26. Rb1 Qa4 27. f4 a6 28. fxe5 Nd7 29. Rb4 Qxa3 30. Bf1 Qc3 31. Qb1 Nxe5 32. Rb2 Qc1 33. Qa2 0-1

[Event "Early-Titled-Tuesday-Blitz-April-02-2024"]
[Site "Chess.com"]
[Date "2024.04.02"]
[Round "3"]
[White "SahibSinghKnight"]
[Black "JJDAREK"]
[Result "1-0"]
[WhiteElo "2596"]
[BlackElo "2335"]
[TimeControl "180+1"]
[EndTime "8:25:10 PDT"]
[Termination "SahibSinghKnight won by checkmate"]

1. e4 d6 2. d4 g6 3. Nc3 Bg7 4. Be3 a6 5. Qd2 b5 6. a4 b4 7. Nd5 a5 8. c3 e6 9. Nf4 bxc3 10. bxc3 Nf6 11. Bb5+ c6 12. Bd3 O-O 13. h4 Ng4 14.
h5 Nxe3 15. fxe3 e5 16. Nfe2 exd4 17. exd4 c5 18. hxg6 hxg6 19. Nf3 cxd4 20. cxd4 Nc6 21. Rc1 Nb4 22. Bb1 Ba6 23. Nf4 Re8 24. Kf2 Rc8 25.
Rce1 Qd7 26. Rh4 Qxa4 27. Reh1 Nc2 28. Nd5 Nxd4 29. Rh8+ Bxh8 30. Rxh8+ Kxh8 31. Qh6+ Kg8 32. Nf6# 1-0

[Event "Early-Titled-Tuesday-Blitz-April-02-2024"]
[Site "Chess.com"]
[Date "2024.04.02"]
[Round "3"]
[White "flawian2008"]
[Black "vovachesss"]
[Result "0-1"]
[WhiteElo "2474"]
[BlackElo "2813"]
[TimeControl "180+1"]
[EndTime "8:25:14 PDT"]
[Termination "vovachesss won by resignation"]

1. d4 d6 2. e4 Nf6 3. Nc3 Nbd7 4.
Nf3 e5 5. h3 c6 6. Be3 b5 7. a3 Be7 8. Be2 O-O 9. O-O Bb7 10.
Qd2 Qc7 11. Rad1 a6 12. Rfe1 Rfe8 13. Bf1 Rad8 14. d5 cxd5 15. exd5 Nb6 16. Bxb6 Qxb6 17. Ng5 Nxd5 18. Nxf7 Nxc3 19. Nxd8 Nxd1 20. Nxb7 Nxf2 21.
Qxf2 Qxb7 22. c4 Bd8 23. Rd1 Bb6 0-1

[Event "Early-Titled-Tuesday-Blitz-April-02-2024"]
[Site "Chess.com"]
[Date "2024.04.02"]
[Round "3"]
[White "CSB7"]
[Black "Firouzja2003"]
[Result "0-1"]
[WhiteElo "2770"]
[BlackElo "3115"]
[TimeControl "180+1"]
[EndTime "8:25:23 PDT"]
[Termination "Firouzja2003 won by resignation"]

1. e4 c5 2. Nf3 d6 3. d4 cxd4 4. Nxd4 Nf6 5. Nc3 a6 6. Bg5 e6 7. f4 h6 8. Bh4 Be7 9. Qf3 Qc7 10. O-O-O Nbd7 11. Be2 Rg8 12. Rhf1 g5 13. Bg3 gxf4 14. Bxf4 Ne5 15. Qf2 b5 16. Bxb5+ axb5 17. Ndxb5 Qc6 18.
Bxe5 dxe5 19. Nd6+ Kf8 20. h3 Ba6 21. Rfe1 Rg6 22. a4 Bxd6 0-1

[Event "Early-Titled-Tuesday-Blitz-April-02-2024"]
[Site "Chess.com"]
[Date "2024.04.02"]
[Round "3"]
[White "Makswolf200817"]
[Black "Azerichess"]
[Result "1-0"]
[WhiteElo "2763"]
[BlackElo "3017"]
[TimeControl "180+1"]
[EndTime "8:25:24 PDT"]
[Termination "Makswolf200817 won by resignation"]

1. d4 Nf6 2. c4 e6 3. g3 d5 4. Bg2 dxc4 5. Nf3 Bb4+ 6. Bd2 c5 7. Bxb4 cxb4 8. Ne5 Nd5 9. Nxc4 b5 10. Ne5 Bb7 11.
O-O Nd7 12. Nxd7 Qxd7 13. Nd2 Nf6 14. Bxb7 Qxb7 15. Qb3 a5 16. a3 bxa3 17. Qxa3 b4 18. Qa4+ Ke7 19. Nc4 Rhc8 20. Nxa5 Qb6 21. Nc6+ Kd7 22. Na7+ Kd8 23. Nxc8 1-0

[Event "Early-Titled-Tuesday-Blitz-April-02-2024"]
[Site "Chess.com"]
[Date "2024.04.02"]
[Round "3"]
[White "djano"]
[Black "GM_Levan_Pantsulaia"]
[Result "0-1"]
[WhiteElo "2667"]
[BlackElo "2889"]
[TimeControl "180+1"]
[EndTime "8:25:26 PDT"]
[Termination "GM_Levan_Pantsulaia won by resignation"]

1. e4 c5 2. Nc3 e6 3. f4 d5 4. Nf3 d4 5. Bb5+ Bd7 6. Bxd7+ Qxd7 7. Ne5 Qc7 8. Ne2 Bd6 9. O-O Bxe5 10. fxe5 Nc6 11. d3 Nge7 12. Nf4 Nxe5 13. Nh5 O-O 14. Bf4 N7g6 15. Bg3 f6 16. c3 Rad8 17. Qb3 dxc3 18. d4 cxd4 19. bxc3 dxc3 20. Qxe6+ Qf7 21. Qf5 b5 22. h4 Qd7 23. Qf2 Qg4 24. Nf4 Rd2 25.
Qe3 Nxf4 26. Rxf4 Qe2 27. Qxe2 Rxe2 28. Rc1 b4 29. Rf2 Rxf2 30. Bxf2 Nd3 31. Rc2 Nxf2 32. Kxf2 Rd8 33. Ke3 a5 34. a3 Kf7 35. axb4 axb4 36. Ra2 b3 0-1

[Event "Early-Titled-Tuesday-Blitz-April-02-2024"]
[Site "Chess.com"]
[Date "2024.04.02"]
[Round "3"]
[White "ploxoi"]
[Black "albi1999"]
[Result "1-0"]
[WhiteElo "2444"]
[BlackElo "2605"]
[TimeControl "180+1"]
[EndTime "8:25:29 PDT"]
[Termination "ploxoi won by resignation"]

1. d4 Nf6 2. c4 e6 3. g3 c5 4. d5 b5 5. Bg2 exd5 6. Nc3 Bb7 7.
cxb5 Ne4 8. Nxd5 f5 9. a4 Qa5+ 10. Bd2 Qd8 11. Bf4 d6 12. Nf3 g5 13. Nxg5 Nxg5 14.
Bxg5 Qxg5 15. Nc7+ Kd8 16. Bxb7 Kxc7 17. Bxa8 f4 18.
a5 fxg3 19. hxg3 Bg7 20. b6+ axb6 21. axb6+ Kd7 22. Ra7+ Ke6 23. Bd5+ 1-0

[Event "Early-Titled-Tuesday-Blitz-April-02-2024"]
[Site "Chess.com"]
[Date "2024.04.02"]
[Round "3"]
[White "Tugrik1969"]
[Black "Refrigerator1955"]
[Result "1-0"]
[WhiteElo "2554"]
[BlackElo "1959"]
[TimeControl "180+1"]
[EndTime "8:25:29 PDT"]
[Termination "Tugrik1969 won by checkmate"]

1. d4 d5 2. c4 c6 3. Nf3 Nf6 4. Nc3 e6 5. g3 Nbd7 6. Bg2 dxc4 7. O-O b5 8. e4 Bb7 9. e5 Nd5 10. Ng5 Be7 11. Qh5 Bxg5 12. Bxg5 Qb6 13. Ne4 O-O 14.
Rad1 c5 15. dxc5 Nxc5 16. Rxd5 exd5 17. Nf6+ gxf6 18. Bxf6 Rfc8 19. Qg5+ Kf8 20. Qg7+ Ke8 21. Qg8+ Kd7 22. Qxf7+ Kc6 23. Bxd5# 1-0

[Event "Early-Titled-Tuesday-Blitz-April-02-2024"]
[Site "Chess.com"]
[Date "2024.04.02"]
[Round "3"]
[White "Heliosis11"]
[Black "Squirlolz"]
[Result "1-0"]
[WhiteElo "2386"]
[BlackElo "2590"]
[TimeControl "180+1"]
[EndTime "8:25:31 PDT"]
[Termination "Heliosis11 won by resignation"]

1. e4 e5 2. Nf3 Nc6 3. Bb5 Nge7 4.
Nc3 a6 5. Ba4 d6 6. d4 Bd7 7. d5 Nb8 8. Bxd7+ Nxd7 9. O-O g6 10.
Be3 Bg7 11. Nd2 O-O 12. Ne2 f5 13. f3 f4 14. Bf2 g5 15. c4 h5 16. b4 g4 17. c5 Ng6 18. Nc3 Qg5 19. c6 g3 20.
cxd7 gxf2+ 21. Rxf2 Rad8 22. b5 axb5 23. Nxb5 Rxd7 24.
Rc1 Qe7 25. Nf1 Ra8 26. Rfc2 c6 27. dxc6 bxc6 28. Rxc6 Rxa2 29. Qd5+ Kh7 30. Qxa2 Rb7 31. Nc7 Nh4 32. Nd5 Qg5 33. Qf2 Rb3 34. R1c3 Rb1 35.
Rc1 Rb3 36. R6c3 Rb5 37. Nc7 Rb4 38. Ne6 Qg6 39. Nxg7 Kxg7 40. Qxh4 d5 41. Rc7+ Kh6 42.
R1c6 1-0

[Event "Early-Titled-Tuesday-Blitz-April-02-2024"]
[Site "Chess.com"]
[Date "2024.04.02"]
[Round "3"]
[White "Cheer_Down"]
[Black "slorovel"]
[Result "0-1"]
[WhiteElo "2434"]
[BlackElo "2631"]
[TimeControl "180+1"]
[EndTime "8:25:32 PDT"]
[Termination "slorovel won by resignation"]

1. e4 g6 2. d4 Bg7 3. Nc3 c6 4. Nf3 d5 5. h3 dxe4 6. Nxe4 Nf6 7. Nxf6+ exf6 8. Bd3 O-O 9. O-O a5 10. c3 a4 11. a3 b5 12. Bf4 Be6 13. Re1 Nd7 14. Qd2 Nb6 15. Bh6 Bc4 16. Bxg7 Kxg7 17. Be4 Bd5 18. Qf4 Nc4 19. Re2 Qd7 20. Rae1 Bxe4 21.
Qxe4 Rfe8 22. Qc2 Rxe2 23. Rxe2 Re8 24. Rxe8 Qxe8 25. Kf1 f5 26. Nd2 Nd6 27. Qd3 Qe6 28. Qe2 Kf6 29. Qxe6+ Kxe6 30. Ke2 Kd5 31. Kd3 Ne4 32.
Nxe4 fxe4+ 33. Ke3 f5 34. g4 Kc4 35. gxf5 gxf5 36.
Kf4 Kb3 37. Kxf5 Kxb2 38. Kxe4 Kxa3 39. f4 Kb3 40. f5 a3 41. f6 a2 42. f7 a1=Q 43. f8=Q Qe1+ 44. Kd3 Qd1+ 45. Ke3 Qe1+ 46. Kd3 Qxc3+ 47. Ke4 Qxh3 48. Qf7+ Kc3 0-1